 Dungeon Crawl Stone Soup version 0.29.1-4-g47bece8355 (webtiles) character file.

Game seed: 3090675566739791000

72 RevealingFortune the Slasher (level 4, -2/37 HPs)
             Began as a Minotaur Gladiator on Dec 4, 2022.
             Was a Believer of Uskayaw.
             Slain by an ogre
             ... wielding a +0 giant club
              (5 damage)
             ... on level 4 of the Dungeon.
             The game lasted 00:15:42 (3157 turns).

RevealingFortune the Slasher (Minotaur Gladiator)   Turns: 3157, Time: 00:15:42

Health: -2/37      AC:  6    Str: 20    XL:     4   Next: 7%
Magic:  3/3        EV: 12    Int:  5    God:    Uskayaw [**....]
Gold:   137        SH:  0    Dex: 12    Spells: 3/3 levels left

rFire   . . .      SeeInvis .   a - +0 long sword
rCold   . . .      Faith    .   (no shield)
rNeg    . . .      Spirit   .   q - +0 ring mail
rPois   .          Reflect  .   c - +0 hat
rElec   .          Harm     .   (no cloak)
rCorr   +          Rampage  .   (no gloves)
Will    .....                   p - +0 pair of boots
Stlth   +.........              (no amulet)
HPRegen 0.12/turn               s - ring of resist corrosion
MPRegen 0.08/turn               (no ring)

@: no status effects
A: horns 2, retaliatory headbutt
a: Renounce Religion, Stomp, Line Pass


You were on level 4 of the Dungeon.
You worshipped Uskayaw.
Uskayaw was noncommittal.
You visited 1 branch of the dungeon, and saw 4 of its levels.

You collected 137 gold pieces.

Inventory:

Hand Weapons
 a - a +0 long sword (weapon)
 m - a +0 sling
 t - a +2 dagger of draining
Missiles
 d - 3 throwing nets (quivered)
 e - a javelin
 f - 26 stones
 n - 5 boomerangs
 u - 7 poisoned darts
Armour
 b - a +0 leather armour
 c - a +0 hat (worn)
 p - a +0 pair of boots (worn)
 q - a +0 ring mail (worn)
 x - a +0 helmet
Jewellery
 s - a ring of resist corrosion (left hand)
Scrolls
 h - a scroll of amnesia {unknown}
 k - a scroll of fog {unknown}
 l - 2 scrolls of blinking {unknown}
 o - a scroll of magic mapping {unknown}
 r - a scroll of poison {unknown}
 y - a scroll of acquirement {unknown}
Potions
 g - a potion of heal wounds {unknown}
 i - 3 potions of curing {unknown}
 j - a potion of ambrosia {unknown}
 v - a potion of might {unknown}
 w - a potion of resistance {unknown}


   Skills:
 + Level 2.8 Fighting
 + Level 4.6 Long Blades
 + Level 2.1 Throwing
 + Level 1.8 Armour
 + Level 4.0 Dodging


You had 3 spell levels left.
You didn't know any spells.
Your spell library contained the following spells:

 Spells                   Type           Power      Damage    Failure   Level
 Sandblast                Erth           0%         2d4       65%         1
 Passwall                 Tmut/Erth      0%         N/A       80%         2
 Frozen Ramparts          Ice            0%         1d1       95%         3
 Stone Arrow              Conj/Erth      0%         3d7       95%         3
 Ice Form                 Ice/Tmut       0%         N/A       100%        4
 Summon Ice Beast         Ice/Summ       0%         N/A       100%        4


Dungeon Overview and Level Annotations

Branches:
Dungeon (4/15)
 Temple: D:4-7

Altars:
Elyvilon
Nemelex Xobeh
Uskayaw
Yredelemnul

Shops:
D:2 ?   D:4 :


Innate Abilities, Weirdness & Mutations

You have a pair of horns on your head.
You reflexively headbutt those who attack you in melee.


Message History

Okay, then.
Okay, then.
s - a ring of resist corrosion (left hand)
You see here a +0 long sword.
Found a robe.
A kobold comes into view. It is wielding a +0 whip.
The kobold shouts!
You barely miss the kobold.
You headbutt the kobold, but do no damage.
The kobold barely misses you.
You miss the kobold. Your headbutt misses the kobold.
The kobold barely misses you. The kobold hits you but does no damage.
You hit the kobold.
You kill the kobold!
You see here a +0 whip.
y - a scroll labelled KESTRA LODYFA
Found 13 gold pieces.
You see here a +0 robe.
You now have 137 gold pieces (gained 13).
An ogre comes into view. It is wielding a +0 giant club.
Found a stone staircase leading down and a stone staircase leading up.
The ogre shouts!
Found Unuheb's Book Shoppe.
You see here an orange potion.
You hit the ogre. You punch the ogre.
The ogre is moderately wounded.
The ogre hits you with a +0 giant club!
You barely miss the ogre.
The ogre is moderately wounded.
You barely miss the ogre.
The ogre is moderately wounded.
The ogre barely misses you.
You hit the ogre.
The ogre is moderately wounded.
The ogre hits you with a +0 giant club!
* * * LOW HITPOINT WARNING * * *
You can now pass through a line of other dancers.
The ogre attacks as you move away! The ogre hits you with a +0 giant club.
You die...

.. #### ..
....8 #.#
..... #..#
...<.. #..
......
#.###.8...∩
#..O>.....
#!@...# #
##.##.....
## #.# ##8
.## #.##
..## #..#
...#####
##.#
.......##
#.#
#.......##
#.#
..)......#
#.##


You could see an ogre.

Vanquished Creatures
  3 adders
  2 worms (D:3)
  A dart slug (D:2)
  5 ball pythons
  4 endoplasms
  A giant cockroach (D:2)
  3 goblins
  2 hobgoblins
  8 kobolds
  3 bats
  4 frilled lizards
  3 rats
39 creatures vanquished.

Vanquished Creatures (others)
  2 plants (D:3)
2 creatures vanquished.

Grand Total: 41 creatures vanquished

Notes
Turn   | Place    | Note
-------+----------+-------------------------------------------
     0 | D:1      | RevealingFortune the Minotaur Gladiator began the quest for
                  | the Orb.
     0 | D:1      | Reached XP level 1. HP: 18/18 MP: 0/0
   507 | D:1      | Reached XP level 2. HP: 25/25 MP: 1/1
  1023 | D:2      | Reached skill level 1 in Armour
  1054 | D:2      | Reached XP level 3. HP: 30/30 MP: 2/2
  1291 | D:2      | Found a sparkling altar of Nemelex Xobeh.
  1371 | D:2      | Found Fuiqodatonk's Magic Scroll Boutique.
  1534 | D:3      | Noticed a +0 dagger
  1534 | D:3      | Noticed a +0 short sword
  1540 | D:3      | Found a hide-covered altar of Uskayaw.
  1540 | D:3      | Noticed a +0 spear
  1541 | D:3      | Noticed a +0 spear
  1541 | D:3      | Noticed a +0 dagger
  1544 | D:3      | Noticed a +0 falchion
  1548 | D:3      | Noticed a +0 short sword
  1577 | D:3      | Noticed a +0 falchion
  1660 | D:3      | Became a worshipper of Uskayaw the Reveller
  1711 | D:3      | Reached * piety under Uskayaw
  1983 | D:3      | Found a white marble altar of Elyvilon.
  2065 | D:3      | Found a basalt altar of Yredelemnul.
  2624 | D:3      | Found a faded altar of an unknown god.
  2708 | D:3      | Reached XP level 4. HP: 37/37 MP: 3/3
  2716 | D:3      | Reached ** piety under Uskayaw
  3149 | D:4      | Noticed an ogre
  3150 | D:4      | Found Unuheb's Book Shoppe.
  3157 | D:4      | Slain by an ogre

Illustrated notes

Levels and vault maps discovered:
D:1:      ncdulo_halloftheorcs, layout_loops_corners, glass_columns_a,
          serial_bayou_ford_a
D:2:      layout_rooms, basic_altar, serial_shops, nicolae_shop_behind_doors
D:3:      layout_loops_corners, nicolae_uskayaw_en_pointe,
          mainiacjoe_overflow_24_doors, elyvilon_altar_3,
          shapermc_ecumenical_altar_mp_ritualfount, serial_rivers,
          chequers_serial_rivers_micro_e, chequers_serial_rivers_room_b,
          chequers_serial_rivers_room_a, chequers_serial_rivers_micro_b,
          minmay_misc_feat_four_crosses
D:4:      layout_cave_pods, jmf_multi_god_temple, temple_green, serial_shops,
          nicolae_stop_n_shop_1, shop, shop, nicolae_shop_hallway_stairs,
          dreamdust_gnoll_farm

Skill      XL: |  1  2  3 |
---------------+----------+-----
Long Blades    | 4 |  4.6
Armour         | 1 |  1.8
Dodging        | 4 |  4.0
Fighting       | |  2.8
Throwing       | |  2.1

Action                   |  1- 3 |  4- 6 || total
-------------------------+-------+-------++-------
Melee: Long sword        |    72 |     8 ||    80
       Headbutt          |    11 |     3 ||    14
       Dagger            |     7 |     4 ||    11
       Punch             |       |     1 ||     1
Armor: Leather armour    |    12 |       ||    12
       Ring mail         |    13 |     2 ||    15
Dodge: Dodged            |    49 |     4 ||    53
